 Dungeon Crawl Stone Soup version 0.29.1-1-gd02db6906a (webtiles) character file.

Game seed: 5147238135984263487

19 Descartes the Scratcher (level 2, -1/13 HPs)
             Began as a Felid Wanderer on Oct 18, 2022.
             Slain by a hobgoblin (3 damage)
             ... on level 1 of the Dungeon.
             The game lasted 00:01:34 (630 turns).

Descartes the Scratcher (Felid Wanderer)             Turns: 630, Time: 00:01:35

Health: -1/13      AC:  1    Str:  5    XL:     2   Next: 55%
Magic:  0/4        EV: 17    Int: 15    God:
Gold:   24         SH:  0    Dex: 16    Spells: 2/3 levels left
                                        Lives:  0   Deaths: 0

rFire   . . .      SeeInvis +     - Unarmed
rCold   . . .      Faith    .   (shield unavailable)
rNeg    . . .      Spirit   .   (body armour unavailable)
rPois   .          Reflect  .   (helmet unavailable)
rElec   .          Harm     .   (cloak unavailable)
rCorr   .          Rampage  .   (gloves unavailable)
Will    .....                   (boots unavailable)
Stlth   ++........              (no amulet)
HPRegen 0.04/turn               (no ring)
MPRegen 0.09/turn               (no ring)

@: quick
A: very small, claws 1, fangs 3, see invisible, speed 1, shaggy fur 1, stealthy
paws, no weapons or thrown items, no armour, multi-lived
a: no special abilities


You were on level 1 of the Dungeon.
You visited 1 branch of the dungeon, and saw 1 of its levels.

You collected 24 gold pieces.

Inventory:

Jewellery
 d - a ring of positive energy
Scrolls
 c - a scroll of identify {unknown}
 e - a scroll of enchant armour {unknown}
 f - a scroll of enchant weapon {unknown}
 g - a scroll of acquirement {unknown}
Potions
 a - a potion of invisibility
 b - 2 potions of berserk rage


   Skills:
 - Level 2.0 Fighting
 + Level 2.1 Dodging
 - Level 1.3 Stealth
 + Level 4.4 Unarmed Combat
 - Level 1.0 Spellcasting
 - Level 2.0 Necromancy


You had 2 spell levels left.
You knew the following spells:

 Your Spells              Type           Power      Damage    Failure   Level
a - Necrotise             Necr           24%        1d5       11%         1

Your spell library contained the following spells:

 Spells                   Type           Power      Damage    Failure   Level
 Vampiric Draining        Necr           6%         2d6       32%         3
 Gell's Gravitas          Tloc           0%         N/A       58%         3
 Lesser Beckoning         Tloc           0%         N/A       58%         3
 Teleport Other           Tloc           0%         N/A       58%         3
 Agony                    Necr           6%         N/A       96%         5


Dungeon Overview and Level Annotations

Branches:
Dungeon (1/15)

Altars:


Innate Abilities, Weirdness & Mutations

You have sharp claws.
You have razor-sharp teeth.
You have supernaturally acute eyesight. (SInv)
You cover ground quickly. (Speed+)
You are covered in fur. (AC +1)
Your paws help you pounce on unaware monsters.
You are incapable of wielding weapons or throwing items.
You cannot wear armour.
You gain extra lives every three experience levels.


Message History

The jackal is almost dead.
The jackal misses you. The jackal completely misses you.
The hobgoblin completely misses you. The rat bites you.
You are too injured to fight recklessly!
The jackal attacks as you move away! The jackal barely misses you.
The jackal attacks as you move away! The jackal closely misses you.
The rat barely misses you. The jackal closely misses you.
You see here a rat corpse.
The jackal bites you.
* * * LOW HITPOINT WARNING * * *
The jackal barely misses you.
You barely miss the jackal.
The jackal is moderately wounded.
The jackal misses you. The jackal bites you.
* * * LOW HITPOINT WARNING * * *
You scratch the jackal.
You kill the jackal!
The jackal completely misses you.
Your Dodging skill increases to level 2!
Casting: Necrotise (safe; 11% risk of failure)
Confirm with . or Enter, or press ? or * to list all spells.
Aiming: Necrotise (safe; 11% risk of failure)
Press: ? - help, Shift-Dir - straight line, f - jackal
Aim: a jackal (chance to affect: 71%)
The jackal struggles to resist.
The jackal barely misses you.
Casting: Necrotise (safe; 11% risk of failure)
Confirm with . or Enter, or press ? or * to list all spells.
Aiming: Necrotise (safe; 11% risk of failure)
Press: ? - help, Shift-Dir - straight line, f/p - jackal
Aim: a jackal (chance to affect: 71%)
The jackal writhes in agony.
You kill the jackal!
The dead are walking!
You closely miss the hobgoblin. Your claw misses the hobgoblin.
Your jackal skeleton closely misses the rat.
You scratch the hobgoblin.
The hobgoblin is heavily wounded.
The hobgoblin hits you.
You die...

♣..∩(..∩♣..#.###......#Z...#
♣♣∩..⌠..∩♣♣.............####
.∩.......∩.♣.###......#.#
♣..⌠.<.⌠...♣.#####..###.###
.∩.......∩♣..##.....#.....#
♣.∩..⌠°§∩.♣♣.#..###.......#
.♣♣∩...°♣♣☼§...## ##......#
♣♣..∩.☼.§♣§§....####...####
8.♣♣.♣♣♣♣§§.§...@gr#..##
#§♣.♣♣..♣○§§...###.Z.##
....♣.♣♣.§§§...###.#.#
#.........§§..#....h.#
###......#...##.##..##
........###..##.##.g###
.........#...##.##..r.##
.......#........##.##..###
...............###.###∩..#


You could see a hobgoblin (ally target), a rat and a friendly jackal skeleton.

Vanquished Creatures
  4 bats (D:1)
  2 endoplasms (D:1)
  A hobgoblin (D:1)
  3 jackals (D:1)
  A kobold (D:1)
  A quokka (D:1)
  2 ball pythons (D:1)
  A rat (D:1)
15 creatures vanquished.

Vanquished Creatures (collateral kills)
  A ball python (D:1)
1 creature vanquished.

Grand Total: 16 creatures vanquished

Notes
Turn   | Place    | Note
-------+----------+-------------------------------------------
     0 | D:1      | Descartes the Felid Wanderer began the quest for the Orb.
     0 | D:1      | Descartes set off with the following items: a potion of
                  | invisibility, 2 potions of berserk rage; and the following
                  | spell memorised: Necrotise; and the following spells
                  | available to memorise: Vampiric Draining.
     0 | D:1      | Reached XP level 1. HP: 9/9 MP: 3/3
    73 | D:1      | Reached skill level 1 in Dodging
   166 | D:1      | Reached XP level 2. HP: 4/13 MP: 4/4
   583 | D:1      | Found a faded altar of an unknown god.
   630 | D:1      | Slain by a hobgoblin

Illustrated notes

Levels and vault maps discovered:
D:1:      heliophobic_arrival_enchanted_forest, layout_rooms,
          ebering_ecumenical_altar_abandoned

Skill      XL: |  1  2 |
---------------+-------+-----
Dodging        | 1 2 |  2.1
Fighting       | |  2.0
Stealth        | |  1.3
Unarmed Combat | |  4.4
Spellcasting   | |  1.0
Necromancy     | |  2.0

Action                   || total
-------------------------++-------
Melee: Unarmed           ||    28
       Punch             ||     1
       Bite              ||     3
 Cast: Necrotise         ||    11
 Stab: Sleeping          ||     1
Armor: Skin              ||     3
Dodge: Dodged            ||    34
